 Dungeon Crawl Stone Soup version 0.32-a0-329-ge6c31236d6 (webtiles) character file.

Game seed: 15069560251393518359

995 promet the Magician (level 7, 0/36 HPs)
             Began as a Deep Elf Hedge Wizard on Feb 15, 2024.
             Was a Follower of Hepliaklqana.
             Slain by a sixfirhy (12 damage)
             ... summoned by a kobold demonologist
             ... on level 6 of the Dungeon on Feb 17, 2024.
             The game lasted 00:38:35 (8082 turns).

promet the Magician (Deep Elf Hedge Wizard)         Turns: 8082, Time: 00:38:36

Health: 0/36       AC:  8    Str:  7    XL:     7   Next: 99%
Magic:  13/18      EV: 13    Int: 21    God:    Hepliaklqana [*.....]
Gold:   263        SH:  0    Dex: 14    Spells: 6/19 levels left

rFire   . . .        b - +1 shortbow
rCold   . . .        (shield currently unavailable)
rNeg    . . .        s - +0 robe
rPois   .            p - +0 hat
rElec   .            (no cloak)
rCorr   .            r - +0 pair of gloves
SInv    .            h - +0 pair of boots
Will    .....        (no amulet)
Stlth   ++           i - +4 ring of protection
HPRegen 0.26/turn    (no ring)
MPRegen 0.16/turn

%: no passive effects
@: invisible
A: reduced essence
a: Renounce Religion, Recall Ancestor, Ancestor Identity


You were on level 6 of the Dungeon.
You worshipped Hepliaklqana.
Hepliaklqana was aware of your devotion.
You visited 2 branches of the dungeon, and saw 7 of its levels.

You collected 263 gold pieces.

Inventory:

Hand Weapons
 a - a +0 long sword
 b - a +1 shortbow (weapon)
 c - a +0 dagger
 w - a +0 sling
 z - a +0 rapier
Missiles
 e - 4 atropa-tipped darts
 k - 31 stones
 v - 6 poisoned darts
 y - 3 boomerangs
Armour
 h - a +0 pair of boots (worn)
 p - a +0 hat (worn)
 r - a +0 pair of gloves (worn)
 s - a +0 robe (worn)
 t - a +1 scale mail of willpower
Magical Staves
 x - a staff of death
Jewellery
 g - a ring of fire
 i - a +4 ring of protection (left hand)
 j - a ring of protection from fire
 q - a +4 ring of protection
 C - a ring of poison resistance
Wands
 B - a wand of roots (9)
Scrolls
 f - 2 scrolls of revelation
 A - a scroll of identify
 D - a scroll of vulnerability
Potions
 d - a potion of magic
 l - 4 potions of curing
 m - a potion of resistance {unknown}
 o - a potion of attraction {unknown}
 u - a potion of haste


   Skills:
 * Level 2.7 Fighting
 + Level 1.3(1.7) Short Blades
 + Level 1.4(1.6) Long Blades
 + Level 4.4 Ranged Weapons
 + Level 0.1 Throwing
 + Level 3.6 Dodging
 + Level 3.7 Stealth
 + Level 6.6 Spellcasting
 + Level 1.8 Conjurations
 + Level 3.4 Summonings
 + Level 1.1 Translocations
 + Level 0.3 Ice Magic
 * Level 3.6 Air Magic
 + Level 0.2 Evocations


You had 6 spell levels left.
You knew the following spells:

 Your Spells              Type           Power      Damage    Failure   Level
a - Magic Dart            Conj           56%        1d5       4%          1
b - Summon Small Mammal   Summ           84%        N/A       2%          1
c - Call Imp              Summ           42%        N/A       3%          2
d - Slow                  Hex            24%        N/A       10%         1
e - Blink                 Tloc           22%        N/A       9%          2
f - Mephitic Cloud        Conj/Alch/Air  14%        N/A       13%         3
g - Summon Ice Beast      Ice/Summ       14%        N/A       13%         3

Your spell library contained the following spells:

 Spells                   Type           Power      Damage    Failure   Level
 Call Canine Familiar     Summ           21%        N/A       7%          3
 Cigotuvi's Dreadful Rot  Necr/Alch/Air  24%        N/A       9%          2
 Hailstorm                Conj/Ice       11%        3d6       17%         3
 Summon Blazeheart Golem  Fire/Summ      14%        N/A       41%         4
 Animate Dead             Necr           6%         N/A       67%         4
 Summon Mana Viper        Hex/Summ       14%        N/A       77%         5
 Sculpt Simulacrum        Ice/Alch       3%         N/A       100%        6
 Haunt                    Necr/Summ      7%         N/A       100%        7
 Monstrous Menagerie      Summ           10%        N/A       100%        7
 Infestation              Necr           3%         N/A       100%        8


Dungeon Overview and Level Annotations

Branches:
Dungeon (6/15)             Temple (1/1) D:5

Altars:
Cheibriados
Dithmenos
Elyvilon
Fedhas
Gozag
Hepliaklqana
Kikubaaqudgha
Makhleb
Nemelex Xobeh
Okawaru
Qazlal
Ru
Sif Muna
Uskayaw
Vehumet
Wu Jian
Xom
Yredelemnul
Zin
The Shining One

Annotations:
D:4 2 runed translucent doors, juan097's ghost, amateur MiFi
D:6 1 runed translucent door, Ikimono's ghost, novice OnGl


Message History

Your cerulean imp disappears in a puff of smoke!
Magic restored.
You see here a +0 hand axe.
There is an open door here.
There is an open door here.
b - a +1 shortbow (weapon)
You shoot an arrow. The kobold demonologist shouts!
The arrow hits the kobold demonologist.
The kobold demonologist is lightly wounded.
The kobold demonologist gestures wildly while chanting.
You shoot an arrow. The arrow misses the sixfirhy.
The kobold demonologist looks braver for a moment.
Fire: b) +1 shortbow
Press: ? - help, Q - select action, (/) - cycle Shift-Dir - straight line, f - kobold demonologist, p - sixfirhy
Aim: a kobold demonologist, wielding a +0 war axe and wearing a +0 robe (lightly wounded, ally target, 53% to hit)
You shoot an arrow. Ampawosu avoids your attack.
The arrow hits the kobold demonologist!
The kobold demonologist is moderately wounded.
You shoot an arrow. Ampawosu avoids your attack.
The arrow barely misses the sixfirhy.
The sixfirhy hits Ampawosu.
The sixfirhy shocks Ampawosu!
The sixfirhy barely misses Ampawosu.
The sixfirhy hits Ampawosu.
The sixfirhy shocks Ampawosu!
Ampawosu is destroyed!
Casting: Call Imp (safe; 3% risk of failure)
Confirm with . or Enter, or press ? or * to list all spells.
A chill wind blows around you.
The sixfirhy hits you but does no damage.
Casting: Summon Ice Beast (quite dangerous; 13% risk of failure)
Confirm with . or Enter, or press ? or * to list all spells.
A tiny devil pulls itself out of the air.
The sixfirhy hits you but does no damage.
The sixfirhy hits you! The sixfirhy shocks you!
Your cerulean imp closely misses the sixfirhy.
Your ice beast barely misses the sixfirhy.
Okay, then.
You fade into invisibility!
The sixfirhy misses you. The sixfirhy hits you. The sixfirhy shocks you!
You die...
Hepliaklqana delivers you to your ancestors.

#.# ### #.# #.. .... #.#
###'# ....... #.# ####....
.......# #.# #.......
$......#########.# #.......
.......##........#####.......
......##.######.....#.......
..........3@..'..).)))......
..###....Y5..##.....#......#
#.........##.....######.#
#....K....######## #.#
#.........# #..
..>.........##### ###
K...........# ...5........#
[..........†#


You could see a kobold demonologist (unable to see you), a sixfirhy (summoned,
unable to see you, ally target), a friendly ice beast (summoned) and a friendly
cerulean imp (summoned).

Vanquished Creatures
  A black bear (D:5)
  A phantom (D:5)
  A scorpion (D:4)
  A sleepcap (D:6)
  An iguana (D:4)
  3 adders
  An ufetubus (D:6)
  2 ribbon worms
  5 dart slugs
  4 orcs
  7 ball pythons
  3 endoplasms
  4 giant cockroaches
  4 goblins
  7 hobgoblins
  3 jackals
  4 kobolds
  2 quokkas
  A bat (D:1)
  2 frilled lizards
  4 rats
61 creatures vanquished.

Vanquished Creatures (collateral kills)
  Edmund (D:4)
  An ice beast (D:6)
  A black bear (D:6)
  A kobold brigand (D:5)
  An orc priest (D:5)
  A hound (D:4)
  An iguana (D:6)
  3 orc wizards (D:6)
  A white imp (D:6)
  An ufetubus (D:6)
  2 orcs
  A ball python (D:1)
  2 bats (D:1)
  2 endoplasms
  A hobgoblin (D:1)
  4 jackals
  2 kobolds (D:5)
26 creatures vanquished.

Vanquished Creatures (others)
  An ancestor (D:6)
1 creature vanquished.

Grand Total: 88 creatures vanquished

Notes
Turn   | Place    | Note
-------+----------+-------------------------------------------
     0 | D:1      | promet the Deep Elf Hedge Wizard began the quest for the
                  | Orb.
     0 | D:1      | Reached XP level 1. HP: 10/10 MP: 7/7
   352 | D:1      | Reached XP level 2. HP: 15/15 MP: 9/9
   380 | D:1      | Learned a level 1 spell: Summon Small Mammal
  1031 | D:1      | Reached skill level 5 in Spellcasting
  1222 | D:1      | Reached XP level 3. HP: 20/20 MP: 7/11
  1278 | D:1      | Learned a level 2 spell: Call Imp
  1630 | D:1      | Upgraded the game from 0.32-a0-306-gfed3edf829 to
                  | 0.32-a0-329-ge6c31236d6
  1758 | D:1      | Reached skill level 1 in Fighting
  2504 | D:2      | Reached skill level 1 in Short Blades
  2514 | D:2      | Learned a level 1 spell: Slow
  2517 | D:2      | Learned a level 2 spell: Blink
  2610 | D:2      | Reached XP level 4. HP: 25/25 MP: 10/13
  4449 | D:4      | Reached XP level 5. HP: 29/29 MP: 9/15
  4490 | D:4      | Learned a level 3 spell: Mephitic Cloud
  4640 | D:4      | Reached skill level 1 in Ranged Weapons
  4640 | D:4      | Reached skill level 1 in Air Magic
  4825 | D:4      | Found a large runed translucent door.
  4826 | D:4      | Found a large runed translucent door.
  5049 | D:4      | Noticed Edmund
  5083 | D:4      | HP: 1/30 [Edmund/+3 flail of protection (8)]
  5086 | D:4      | Killed Edmund
  5087 | D:4      | Reached skill level 1 in Long Blades
  5087 | D:4      | Reached skill level 6 in Spellcasting
  5087 | D:4      | Reached XP level 6. HP: 2/35 MP: 11/17
  5530 | D:4      | Noticed juan097's ghost (amateur MiFi)
  5548 | D:5      | Entered Level 5 of the Dungeon
  5565 | D:5      | Found a staircase to the Ecumenical Temple.
  5574 | Temple   | Entered the Ecumenical Temple
  5606 | Temple   | Became a worshipper of Hepliaklqana the Forgotten
  6166 | D:5      | Reached XP level 7. HP: 40/40 MP: 18/18
  6370 | D:5      | Learned a level 3 spell: Summon Ice Beast
  7585 | D:6      | Found a runed translucent door.
  7590 | D:6      | Noticed Ikimono's ghost (novice OnGl)
  7591 | D:6      | Noticed a gargoyle
  7611 | D:6      | Reached * piety under Hepliaklqana
  7753 | D:6      | Noticed a kobold demonologist
  8075 | D:6      | Noticed a sixfirhy
  8082 | D:6      | Slain by a sixfirhy

Illustrated notes

Levels and vault maps discovered:
D:1:      dpeg_arrival_shelter, layout_loops_corners
D:2:      layout_loops_ring, chequers_serial_rivers_micro_d
D:3:      layout_loops_ring, corexii_hall_statues_deadend,
          minmay_misc_feat_cross
D:4:      layout_gridville, ebering_ghost_disaster_area, minmay_misc_feat_doors,
          uniq_edmund
D:5:      layout_basic, minmay_temple_entry_grid, minmay_misc_feat_chi,
          grunt_ministairs_1
D:6:      layout_basic, ebering_ghost_inner_flame
Temple:   mainiacjoe_temple_big_plus

Skill      XL: |  1  2  3  4  5  6  7 |
---------------+----------------------+-----
Dodging        | 3 |  3.6
Spellcasting   | 5 6 |  6.6
Fighting       | 1 2 |  2.7
Short Blades   | 1 |  1.3
Summonings     | 2 3 |  3.4
Ranged Weapons | 1 2 4 |  4.4
Air Magic      | 1 2 3 |  3.6
Stealth        | 3 |  3.7
Long Blades    | 1 |  1.4
Throwing       | |  0.1
Conjurations   | |  1.8
Translocations | |  1.1
Ice Magic      | |  0.3
Evocations     | |  0.2

Action                     |  1- 3 |  4- 6 |  7- 9 || total
---------------------------+-------+-------+-------++-------
  Melee: Dagger            |    37 |     5 |     3 ||    45
         Long sword        |    19 |    40 |    27 ||    86
   Fire: Sling             |       |     8 |       ||     8
         Shortbow          |       |    32 |    28 ||    60
  Throw: Throwing net      |       |     1 |       ||     1
         Dart              |       |     3 |       ||     3
   Cast: Magic Dart        |    44 |    27 |     9 ||    80
         Summon Small Mamm |     7 |     6 |       ||    13
         Call Imp          |     2 |    19 |     8 ||    29
         Slow              |       |     1 |     1 ||     2
         Mephitic Cloud    |       |     1 |       ||     1
         Summon Ice Beast  |       |       |     6 ||     6
         Blink             |       |       |     1 ||     1
  Evoke: Wand              |       |     3 |       ||     3
    Use: Scroll            |       |    10 |     2 ||    12
         Potion            |       |     1 |     2 ||     3
   Stab: Sleeping          |     3 |     3 |       ||     6
         Invisible         |       |     2 |       ||     2
         Distracted        |       |       |     2 ||     2
 Armour: Robe              |    32 |    54 |    27 ||   113
  Dodge: Dodged            |    42 |    68 |    34 ||   144

Table legend: (Time is in decaauts)
 A = Elapsed time spent in this place.
 B = Non-inter-level travel time spent in this place.
 C = Inter-level travel time spent in this place.
 D = Time resting spent in this place.
 E = Time spent auto-exploring this place.
 F = Levels seen in this place.
 G = Mean time per level.
                   A        B        C        D        E       F      G
               +--------+--------+--------+--------+--------+-----+--------+
         Total |   8117 |   7940 |    177 |   3590 |   1448 |   7 | 1159.6 |
       Dungeon |   8063 |   7908 |    155 |   3590 |   1448 |   6 | 1343.8 |
        Temple |     54 |     32 |     22 |      0 |      0 |   1 |   54.0 |
               +--------+--------+--------+--------+--------+-----+--------+

Top non-repeatable levels by time:
     D:1: 2179 daAuts
     D:5: 1995 daAuts
     D:2: 1377 daAuts
     D:4: 1128 daAuts
     D:3: 881 daAuts
     D:6: 501 daAuts
  Temple: 54 daAuts
